BSA
IRVINE GANG GREEN @ ST CHARLES SHEENS
04/14/2024
 
TOP OF THE 1ST
Irvine Gang Green batting - Pitching for St Charles Sheens : RHP Oscar Wheeler
Pitching: RHP Oscar Wheeler
Batting: LHB Tony Tavárez 0-0: Called Strike
0-1: Ball
1-1: SINGLE (Flyball, 7S)
Batting: RHB Buck Jones 0-0: Ball
1-0: Grounds into double play, 6-4-3 (Groundball, 6)
Batting: RHB Manny Copriviza 0-0: Ball
1-0: Called Strike
1-1: Ball
2-1: Foul Ball, location: 2F
2-2: Fly out, F8 (Flyball, 8LXD)
Top of the 1st over - 0 run(s), 1 hit(s), 0 error(s), 0 left on base; Irvine 0 - St Charles 0
BOTTOM OF THE 1ST
St Charles Sheens batting - Pitching for Irvine Gang Green : LHP Masutaro Koyama
Pitching: LHP Masutaro Koyama
Batting: RHB Alfredo Rivera 0-0: Called Strike
0-1: Ball
1-1: Called Strike
1-2: Strikes out looking
Batting: LHB Jeff Carter 0-0: Ball
1-0: Called Strike
1-1: Foul Ball, location: 2F
1-2: Ball
2-2: Ball
3-2: Foul Ball, location: 2F
3-2: Ground out 3-1 (Groundball, 34)
Batting: RHB Judson Backstrom 0-0: Ball
1-0: Foul Ball, location: 2F
1-1: Foul Ball, location: 2F
1-2: Ball
2-2: Ball
3-2: Strikes out swinging
Bottom of the 1st over - 0 run(s), 0 hit(s), 0 error(s), 0 left on base; Irvine 0 - St Charles 0
TOP OF THE 2ND
Irvine Gang Green batting - Pitching for St Charles Sheens : RHP Oscar Wheeler
Batting: LHB Víctor Quiñones 0-0: Swinging Strike
0-1: Called Strike
0-2: Strikes out swinging
Batting: LHB Jesús Campos 0-0: Ball
1-0: Fly out, F8 (Line Drive, 8RXD)
Batting: RHB Pepe González 0-0: Called Strike
0-1: Swinging Strike
0-2: Ball
1-2: SINGLE (Groundball, 56S) (infield hit)
Batting: RHB José Salazar 0-0: Called Strike
0-1: Swinging Strike
0-2: Ball
1-2: Foul Ball, location: 2F
1-2: Ball
2-2: Ground out 5-3 (Groundball, 5S)
Top of the 2nd over - 0 run(s), 1 hit(s), 0 error(s), 1 left on base; Irvine 0 - St Charles 0
BOTTOM OF THE 2ND
St Charles Sheens batting - Pitching for Irvine Gang Green : LHP Masutaro Koyama
Batting: LHB Bob Ware 0-0: Called Strike
0-1: Swinging Strike
0-2: Ball
1-2: Ball
2-2: Ground out 3-1 (Groundball, 34)
Batting: SHB Richard Bowman 0-0: SINGLE (Line Drive, 4D)
Batting: RHB Júlio Hernández 0-0: Ball
1-0: Grounds into double play, 5-4-3 (Groundball, 5)
Bottom of the 2nd over - 0 run(s), 1 hit(s), 0 error(s), 0 left on base; Irvine 0 - St Charles 0
TOP OF THE 3RD
Irvine Gang Green batting - Pitching for St Charles Sheens : RHP Oscar Wheeler
Batting: LHB Bill Murphy 0-0: Ball
1-0: Bunt missed!
1-1: Ground out U3 (Groundball, 3)
Batting: SHB Adrián Ramírez 0-0: Ball
1-0: Ball
2-0: Ground out U3 (Groundball, 3)
Batting: LHB Tony Tavárez 0-0: Swinging Strike
0-1: Ball
1-1: Foul Ball, location: 2F
1-2: Strikes out swinging
Top of the 3rd over - 0 run(s), 0 hit(s), 0 error(s), 0 left on base; Irvine 0 - St Charles 0
BOTTOM OF THE 3RD
St Charles Sheens batting - Pitching for Irvine Gang Green : LHP Masutaro Koyama
Batting: LHB Gene Cooper 0-0: Ground out 4-3 (Groundball, 4)
Batting: RHB Xavier Feliciano 0-0: Foul Ball, location: 2F
0-1: Called Strike
0-2: Strikes out swinging
Batting: RHB Dan Tyler 0-0: Ball
1-0: Foul Ball, location: 2F
1-1: Fly out, F7 (Line Drive, 78S)
Bottom of the 3rd over - 0 run(s), 0 hit(s), 0 error(s), 0 left on base; Irvine 0 - St Charles 0
TOP OF THE 4TH
Irvine Gang Green batting - Pitching for St Charles Sheens : RHP Oscar Wheeler
Batting: RHB Buck Jones 0-0: Ball
1-0: Ball
2-0: Ball
3-0: Called Strike
3-1: Swinging Strike
3-2: Fly out, F9 (Flyball, 9M)
Batting: RHB Manny Copriviza 0-0: Foul Ball, location: 2F
0-1: Ball
1-1: Foul Ball, location: 2F
1-2: Foul Ball, location: 2F
1-2: Ground out 5-3 (Groundball, 5)
Batting: LHB Víctor Quiñones 0-0: Ground out 4-3 (Groundball, 4)
Top of the 4th over - 0 run(s), 0 hit(s), 0 error(s), 0 left on base; Irvine 0 - St Charles 0
BOTTOM OF THE 4TH
St Charles Sheens batting - Pitching for Irvine Gang Green : LHP Masutaro Koyama
Batting: RHB Alfredo Rivera 0-0: Ball
1-0: Swinging Strike
1-1: Foul Ball, location: 2F
1-2: DOUBLE (Flyball, 8RXD)
Batting: LHB Jeff Carter 0-0: Called Strike
0-1: Ball
1-1: Ground out 4-3 (Groundball, 4)
Alfredo Rivera to third
Batting: RHB Judson Backstrom 0-0: Ball
1-0: Ground out 6-3 (Groundball, 6M)
Alfredo Rivera scores
Batting: LHB Bob Ware 0-0: Ball
Single, Error in OF, E9, batter to second base
Batting: SHB Richard Bowman 0-0: Ball
1-0: Called Strike
1-1: Ball
2-1: Ground out 4-3 (Groundball, 34)
Bottom of the 4th over - 1 run(s), 2 hit(s), 1 error(s), 1 left on base; Irvine 0 - St Charles 1
TOP OF THE 5TH
Irvine Gang Green batting - Pitching for St Charles Sheens : RHP Oscar Wheeler
Batting: LHB Jesús Campos 0-0: Called Strike
0-1: Ball
1-1: Ground out U3 (Groundball, 3S)
Batting: RHB Pepe González 0-0: Called Strike
0-1: Ball
1-1: Called Strike
1-2: Foul Ball, location: 2F
1-2: Foul Ball, location: 2F
1-2: Ball
2-2: Ball
3-2: DOUBLE (Flyball, 9LM) - OUT at third base trying to stretch hit.
Batting: RHB José Salazar 0-0: Called Strike
0-1: Ground out 5-3 (Groundball, 56)
Top of the 5th over - 0 run(s), 1 hit(s), 0 error(s), 0 left on base; Irvine 0 - St Charles 1
BOTTOM OF THE 5TH
St Charles Sheens batting - Pitching for Irvine Gang Green : LHP Masutaro Koyama
Batting: RHB Júlio Hernández 0-0: Foul Ball, location: 2F
0-1: Ground out 6-3 (Groundball, 6)
Batting: LHB Gene Cooper 0-0: Called Strike
0-1: Ball
1-1: Ball
2-1: Ball
3-1: SINGLE (Groundball, 4MD)
Batting: RHB Xavier Feliciano 0-0: Ball
1-0: Ball
2-0: Called Strike
2-1: Fly out, F9 (Line Drive, 9LM)
Batting: RHB Dan Tyler 0-0: Called Strike
0-1: Fly out, F3 (Popup, 3F)
Bottom of the 5th over - 0 run(s), 1 hit(s), 0 error(s), 1 left on base; Irvine 0 - St Charles 1
TOP OF THE 6TH
Irvine Gang Green batting - Pitching for St Charles Sheens : RHP Oscar Wheeler
Batting: LHB Bill Murphy 0-0: Ball
1-0: Called Strike
1-1: Ground out 1-3 (Groundball, 13S)
Batting: SHB Adrián Ramírez 0-0: Called Strike
0-1: Ball
1-1: Ball
2-1: Called Strike
2-2: Ball
3-2: Ground out 5-3 (Groundball, 56)
Batting: LHB Tony Tavárez 0-0: Ground out 6-3 (Groundball, 6M)
Top of the 6th over - 0 run(s), 0 hit(s), 0 error(s), 0 left on base; Irvine 0 - St Charles 1
BOTTOM OF THE 6TH
St Charles Sheens batting - Pitching for Irvine Gang Green : LHP Masutaro Koyama
Batting: RHB Alfredo Rivera 0-0: TRIPLE (Line Drive, 8LXD)
Batting: LHB Jeff Carter 0-0: Ball
1-0: Swinging Strike
1-1: Called Strike
1-2: Strikes out swinging
Batting: RHB Judson Backstrom 0-0: Intentional Walk
Batting: LHB Bob Ware 0-0: Ball
1-0: Ball
Wild Pitch!
Alfredo Rivera scores
Judson Backstrom to second
2-0: Intentional Walk
Batting: SHB Richard Bowman 0-0: Called Strike
0-1: Grounds into double play, 6-4-3 (Groundball, 6)
Bottom of the 6th over - 1 run(s), 1 hit(s), 0 error(s), 1 left on base; Irvine 0 - St Charles 2
TOP OF THE 7TH
Irvine Gang Green batting - Pitching for St Charles Sheens : RHP Oscar Wheeler
Batting: RHB Buck Jones 0-0: Called Strike
0-1: DOUBLE (Flyball, 7D)
Batting: RHB Manny Copriviza 0-0: Ball
1-0: Ball
2-0: Called Strike
2-1: Ground out 3-1 (Groundball, 34)
Buck Jones to third
Batting: LHB Víctor Quiñones 0-0: Ball
1-0: Ball
2-0: Called Strike
2-1: Ball
3-1: Fly out, F7 (Flyball, 7LMF)
Runner from 3rd tags up, SCORES, no throw
Batting: LHB Jesús Campos 0-0: Ball
1-0: Swinging Strike
1-1: Called Strike
1-2: Foul Ball, location: 2F
1-2: Ball
2-2: SINGLE (Line Drive, 7S)
Pinch Hitting: LHB Leonardo Medina 0-0: Ball
Jesús Campos is caught stealing 2nd base
Top of the 7th over - 1 run(s), 2 hit(s), 0 error(s), 0 left on base; Irvine 1 - St Charles 2
BOTTOM OF THE 7TH
St Charles Sheens batting - Pitching for Irvine Gang Green : LHP Masutaro Koyama
Now at 2B: José García
Batting: RHB Júlio Hernández 0-0: Called Strike
0-1: Foul Ball, location: 2F
0-2: Foul Ball, location: 2F
0-2: Foul Ball, location: 2F
0-2: Ball
1-2: Foul Ball, location: 2F
1-2: Foul Ball, location: 2F
1-2: Ball
Reached via error on a dropped throw, E3
Batting: LHB Gene Cooper 0-0: Ball
1-0: Called Strike
1-1: Swinging Strike
1-2: Foul Ball, location: 2F
1-2: Ball
2-2: 2-RUN HOME RUN (Flyball, 89XD), Distance : 417 ft
Batting: RHB Xavier Feliciano 0-0: Called Strike
0-1: Ball
1-1: Called Strike
1-2: Ball
2-2: Foul Ball, location: 2F
2-2: Ground out 6-3 (Groundball, 6M)
Batting: RHB Dan Tyler 0-0: Called Strike
0-1: Ball
1-1: Foul Ball, location: 2F
1-2: Reached on error, E6 (Groundball, 6)
Batting: RHB Alfredo Rivera 0-0: Intentional Walk
Batting: LHB Jeff Carter 0-0: Ball
1-0: Called Strike
1-1: Fly out, F9 (Flyball, 9LS)
Batting: RHB Judson Backstrom 0-0: Swinging Strike
0-1: DOUBLE (Groundball, 5L)
Dan Tyler scores
Alfredo Rivera to third
Runner from 3rd tries for Home, SAFE, no throw or cutoff
Batting: LHB Bob Ware 0-0: Ball
1-0: Ball
2-0: Ball
3-0: Called Strike
3-1: Base on Balls
Pitching: LHP José Gómez
Batting: SHB Richard Bowman 0-0: Ball
1-0: Fly out, F8 (Flyball, 8LM)
Bottom of the 7th over - 4 run(s), 2 hit(s), 2 error(s), 2 left on base; Irvine 1 - St Charles 6
TOP OF THE 8TH
Irvine Gang Green batting - Pitching for St Charles Sheens : RHP Oscar Wheeler
Batting: RHB José García 0-0: Called Strike
0-1: Swinging Strike
0-2: Strikes out swinging
Pitching: LHP Shan Liu
Batting: RHB José Salazar 0-0: Ball
1-0: Fly out, F8 (Flyball, 8RM)
Batting: LHB Bill Murphy 0-0: Called Strike
0-1: Reached on Error, E4 (Line Drive, 4)
Batting: SHB Adrián Ramírez 0-0: Foul Ball, location: 2F
0-1: Foul Ball, location: 2F
0-2: Ball
1-2: Ball
2-2: Foul Ball, location: 2F
2-2: Ball
3-2: Ground out 5-3 (Groundball, 5)
Top of the 8th over - 0 run(s), 0 hit(s), 1 error(s), 1 left on base; Irvine 1 - St Charles 6
BOTTOM OF THE 8TH
St Charles Sheens batting - Pitching for Irvine Gang Green : LHP José Gómez
Batting: RHB Júlio Hernández 0-0: Ball
1-0: Ball
2-0: Ball
3-0: Base on Balls
Batting: LHB Gene Cooper 0-0: Ball
1-0: Called Strike
1-1: Swinging Strike
1-2: Strikes out swinging
Batting: RHB Xavier Feliciano 0-0: Called Strike
0-1: Swinging Strike
0-2: Strikes out swinging
Batting: RHB Dan Tyler 0-0: Ball
1-0: Ball
2-0: Swinging Strike
2-1: DOUBLE (Flyball, 8LXD)
Júlio Hernández to third
Batting: RHB Alfredo Rivera 0-0: Swinging Strike
0-1: Foul Ball, location: 2F
0-2: Foul Ball, location: 2F
0-2: Ball
1-2: DOUBLE (Line Drive, 78M)
Júlio Hernández scores
Dan Tyler scores
Batting: LHB Jeff Carter 0-0: Ground out 4-3 (Groundball, 4)
Bottom of the 8th over - 2 run(s), 2 hit(s), 0 error(s), 1 left on base; Irvine 1 - St Charles 8
TOP OF THE 9TH
Irvine Gang Green batting - Pitching for St Charles Sheens : LHP Shan Liu
Batting: LHB Tony Tavárez 0-0: Called Strike
0-1: Called Strike
0-2: Ball
1-2: Strikes out swinging
Batting: RHB Buck Jones 0-0: Fly out, F9 (Flyball, 9M)
Batting: RHB Manny Copriviza 0-0: Called Strike
0-1: Swinging Strike
0-2: Ball
1-2: DOUBLE (Line Drive, 6M)
Batting: LHB Víctor Quiñones 0-0: Called Strike
0-1: Foul Ball, location: 2F
0-2: Ball
1-2: Foul Ball, location: 2F
1-2: SINGLE (Groundball, 4M)
Manny Copriviza to third
Runner from 3rd tries for Home, SAFE, no throw or cutoff
Pitching: RHP Paco Canpos
Batting: LHB Jesús Campos 0-0: Called Strike
0-1: Ball
1-1: Swinging Strike
1-2: Fly out, F7 (Flyball, 7M)
Top of the 9th over - 1 run(s), 2 hit(s), 0 error(s), 1 left on base; Irvine 2 - St Charles 8
This league is powered by Out of the Park Baseball, the baseball management simulation game for PC, Mac and Linux
Saturday, April 9th, 2016 - OOTP Baseball 16.8 Build 38